 Dungeon Crawl Stone Soup version 0.29-a0-553-g81b289dbe5 (webtiles) character file.

Game seed: 18075799630734649258

652 Ashen the Gusty (level 7, 0/35 (40) HPs)
             Began as a Tengu Air Elementalist on Sept 22, 2020.
             Was an Initiate of Vehumet.
             Slain by Edmund
             ... wielding a +2 flail of draining
              (1 damage)
             ... on level 4 of the Dungeon on June 6, 2022.
             The game lasted 00:21:30 (7207 turns).

Ashen the Gusty (Tengu Air Elementalist)            Turns: 7207, Time: 00:21:31

HP:   0/35 (40)     AC:  4    Str:  8    XL:     7   Next: 54%
MP:   10/13         EV: 16    Int: 18    God:    Vehumet [......]
Gold: 220           SH:  0    Dex: 14    Spells: 3/13 levels left

rFire   . . .      SeeInvis .   v - +1 rapier
rCold   . . .      Faith    .   (no shield)
rNeg    . . .      Spirit   .   a - +0 robe
rPois   .          Reflect  .   (helmet restricted)
rElec   .          Harm     .   y - +0 cloak
rCorr   .          Rampage  .   w - +0 pair of gloves
Will    .....                   (boots unavailable)
Stlth   +++.......              (no amulet)
HPRegen 0.11/turn               (no ring)
MPRegen 0.13/turn               (no ring)

@: about to teleport, flying quickly and evasively, heavily drained, quick
A: beak, talons 3, nimble flight
a: Renounce Religion


You were on level 4 of the Dungeon.
You worshipped Vehumet.
Vehumet was noncommittal.
You visited 2 branches of the dungeon, and saw 6 of its levels.
You also visited: Ossuary.

You collected 220 gold pieces.

Inventory:

Hand Weapons
 m - a +0 whip
 v - a +1 rapier (weapon)
Missiles
 A - 2 throwing nets (quivered)
Armour
 a - a +0 robe (worn)
 w - a +0 pair of gloves (worn)
 y - a +0 cloak (worn)
Magical Staves
 x - a staff of cold
Scrolls
 b - 3 scrolls of immolation
 c - 3 scrolls of removedness
 i - 7 scrolls of identify
 j - 2 scrolls of teleportation
 k - a scroll of fog
 p - a scroll of magic mapping
 r - 2 scrolls of noise {unknown}
 t - a scroll of blinking {unknown}
Potions
 d - a potion of flight {unknown}
 e - 7 potions of curing {unknown}
 f - 2 potions of heal wounds {unknown}
 g - a potion of lignification {unknown}
 h - a potion of degeneration {unknown}
 l - a potion of haste {unknown}
 n - a potion of attraction
 o - 3 potions of resistance {unknown}
 s - 3 potions of invisibility {unknown}
 u - a potion of magic {unknown}
 z - a potion of brilliance {unknown}


   Skills:
 + Level 2.8 Fighting
 + Level 4.1 Dodging
 + Level 3.9 Stealth
 + Level 3.6 Spellcasting
 + Level 4.1 Conjurations
 + Level 5.8 Air Magic


You had 3 spell levels left.
You knew the following spells:

 Your Spells              Type           Power      Damage    Failure   Level
a - Shock                 Conj/Air       84%        1d8       1%          1
b - Swiftness             Air            24%        N/A       4%          3
c - Static Discharge      Conj/Air       21%        N/A       3%          2
d - Airstrike             Air            12%        N/A       14%         4

Your spell library contained the following spells:

 Spells                   Type           Power      Damage    Failure   Level
 Lightning Bolt           Conj/Air       10%        1d23      47%         5


Dungeon Overview and Level Annotations

Branches:
Dungeon (5/15)             Temple (1/1) D:4         Ossuary (visited)

Altars:
Ashenzari
Cheibriados
Dithmenos
Elyvilon
Fedhas
Gozag
Hepliaklqana
Kikubaaqudgha
Makhleb
Nemelex Xobeh
Qazlal
Ru
Sif Muna
Trog
Uskayaw
Vehumet
Wu Jian
Xom
Yredelemnul
Zin
The Shining One

Shops:
D:4 =(*[

Annotations:
D:4 Edmund, Sigmund
D:5 Pikel


Innate Abilities, Weirdness & Mutations

You have a beak for a mouth.
You have claws for feet.
Your magical nature lets you fly swiftly and evasively.


Message History

Confirm with . or Enter, or press ? or * to list all spells.
Aiming: Shock (safe; 1% risk of failure)
Press: ? - help, Shift-Dir - straight line, f/p - Edmund
Aim: Edmund, wielding a +2 flail of draining and wearing a +0 leather armour (lightly wounded, 74% to hit)
The zap misses Edmund.
Casting: Shock (safe; 1% risk of failure)
Confirm with . or Enter, or press ? or * to list all spells.
Aiming: Shock (safe; 1% risk of failure)
Press: ? - help, Shift-Dir - straight line, f/p - Edmund
Aim: Edmund, wielding a +2 flail of draining and wearing a +0 leather armour (lightly wounded, 74% to hit)
The zap hits Edmund.
Edmund is moderately wounded.
Casting: Shock (safe; 1% risk of failure)
Confirm with . or Enter, or press ? or * to list all spells.
Aiming: Shock (safe; 1% risk of failure)
Press: ? - help, Shift-Dir - straight line, f/p - Edmund
Aim: Edmund, wielding a +2 flail of draining and wearing a +0 leather armour (moderately wounded, 74% to hit)
The zap hits Edmund.
Edmund is moderately wounded.
Edmund hits you with a +2 flail of draining!
You feel drained.
Edmund grinds his teeth, and then sighs.
Sigmund shouts!
Edmund says, "People accused me of being a cutpurse!"
Sigmund hits you from afar with a +2 scythe of flaming!
Sigmund burns you.
Edmund hits you with a +2 flail of draining.
* * * LOW HITPOINT WARNING * * *
You feel drained.
* * * LOW HITPOINT WARNING * * *
Sigmund shouts!
As you read the scroll of teleportation, it crumbles to dust.
You feel strangely unstable. Sigmund closely misses you.
As you read the scroll labelled DEXOKH VUYQUB, it crumbles to dust.
It is a scroll of enchant weapon.
Your +0 rapier glows red for a moment.
Edmund hits you with a +2 flail of draining.
* * * LOW HITPOINT WARNING * * *
You feel drained.
You die...

....####.#.........8.∩.8......#
...#.......#........⌠.⌠.......#
.....##..###.......8.8.8......#
....##...# #.......#........>.#
...###.#.# #.......#..........#
...#...#.# #........#.#.##...##
...#.###.# #.....###....##.###
.....# #.# #######∩#..####...##
######
#.#######@#'#.###...#..### #
#.#.....@.#.### #.####.8.# #
##.#.#..@.##.# #.# #.....
#....#....##.# ##.###8.>.8
#..###.......####..........
####..###............###.#.8.#
###............#########
#...### ##....##...#....# #####
.....###...#....#


You could see Edmund and Sigmund.

Vanquished Creatures
  A black bear (D:5)
  3 lemures
  3 hounds
  2 jellies (D:5)
  A gnoll shaman (D:5)
  Jessica (D:2)
  2 iguanas
  A removed worker ant (D:4)
  2 ghosts (D:4)
  A mummy (Ossuary)
  8 gnolls
  4 adders
  A shadow imp (D:5)
  A white imp (D:5)
  6 worms
  A dart slug (D:1)
  A removed leopard gecko (D:3)
  5 giant cockroaches
  9 goblins
  4 hobgoblins
  6 jackals
  2 quokkas
  2 ball pythons
  7 bats
  3 frilled lizards
  5 gnoll skeletons (Ossuary)
  5 kobolds
  7 kobold skeletons (Ossuary)
  13 orc skeletons (Ossuary)
  11 rats
118 creatures vanquished.

Notes
Turn   | Place    | Note
-------+----------+-------------------------------------------
     0 | D:1      | Ashen the Tengu Air Elementalist began the quest for the
                  | Orb.
     0 | D:1      | Reached XP level 1. HP: 10/10 MP: 4/4
   178 | D:1      | Reached XP level 2. HP: 14/15 MP: 1/6
   680 | D:1      | Reached XP level 3. HP: 9/20 MP: 2/7
  1260 | D:2      | Reached skill level 1 in Fighting
  1398 | D:2      | Noticed Jessica
  1406 | D:2      | Killed Jessica
  1406 | D:2      | Reached XP level 4. HP: 17/25 MP: 0/8
  1496 | D:2      | Found an opulent altar of Gozag.
  1536 | D:2      | Learned a level 3 spell: Swiftness
  1540 | D:2      | Learned a level 2 spell: Static Discharge
  2180 | D:2      | Gained mutation: Your magical nature lets you fly swiftly
                  | and evasively. [Tengu growth]
  2180 | D:2      | Reached XP level 5. HP: 29/29 MP: 6/10
  3007 | D:3      | Found a stormy altar of Qazlal.
  3199 | D:3      | Noticed a moth of wrath
  3202 | D:3      | Found a bloodstained altar of Trog.
  3946 | D:4      | Found Ugilem's Jewellery Emporium.
  3947 | D:4      | Noticed Sigmund
  4156 | D:4      | Reached skill level 5 in Air Magic
  4156 | D:4      | Reached XP level 6. HP: 35/35 MP: 5/11
  4286 | D:4      | Noticed Edmund
  4355 | D:4      | Found Urufaud's Antique Armour Boutique.
  4359 | D:4      | Found Morphu's General Store.
  4391 | D:4      | Found a sand-covered staircase.
  4418 | Ossuary  | Entered an ossuary
  4418 | Ossuary  | Noticed a wraith
  4418 | Ossuary  | Noticed a wraith
  4418 | Ossuary  | Noticed a wraith
  4650 | Ossuary  | Noticed a wraith
  4918 | D:4      | Upgraded the game from 0.26-a0-639-g72c4674329 to
                  | 0.29-a0-553-g81b289dbe5
  4954 | D:4      | Found a staircase to the Ecumenical Temple.
  4959 | D:5      | Entered Level 5 of the Dungeon
  4978 | Temple   | Entered the Ecumenical Temple
  5017 | Temple   | Became a worshipper of Vehumet
  5205 | D:4      | Learned a level 4 spell: Airstrike
  5290 | D:4      | Found Poupsot's Antique Weapon Emporium.
  5354 | D:4      | Found a shadowy altar of Dithmenos.
  5354 | D:4      | Noticed a phantom
  5624 | D:5      | Found a broken altar of Ashenzari.
  5725 | D:5      | Reached XP level 7. HP: 31/40 MP: 8/13
  6035 | D:5      | Noticed Pikel
  6506 | D:5      | Found a stormy altar of Qazlal.
  7207 | D:4      | HP: 1/36 [Edmund/+2 flail of draining (6)]
  7207 | D:4      | Slain by Edmund

Illustrated notes

Levels and vault maps discovered:
D:1:      dpeg_chamrin_arrival_tetris, layout_rooms,
          chequers_serial_rivers_micro_c
D:2:      layout_basic, nrook_mini_backslash, minmay_misc_feat_more_columns,
          nicolae_gozag_seed_capital, uniq_jessica
D:3:      layout_basic, tgw_trog, minmay_misc_feat_rows, minivault_5,
          st_stairs_1, grunt_qazlal_sundering
D:4:      layout_rooms, minmay_temple_entry_statues_pillars, serial_shops,
          nicolae_shop_temple_entry_statues_fountains,
          nicolae_shop_window_shopping, shop,
          nicolae_shop_temple_entry_statues_fountains,
          nicolae_ossuary_entry_false_entrances, grunt_dithmenos_shadows,
          uniq_edmund, uniq_sigmund
D:5:      layout_basic, mainiacjoe_overflow_alcove_1,
          mainiacjoe_overflow_surrounded_room, uniq_pikel
Temple:   regret_index_temple_mists

Skill      XL: |  1  2  3  4  5  6  7 |
---------------+----------------------+-----
Fighting       | 1 2 |  2.8
Conjurations   | 2 3 4 |  4.1
Dodging        | 3 4 |  4.1
Stealth        | 3 |  3.9
Spellcasting   | 3 |  3.6
Air Magic      | 5 |  5.8

Action                   |  1- 3 |  4- 6 |  7- 9 || total
-------------------------+-------+-------+-------++-------
Melee: Unarmed           |     5 |       |       ||     5
       Kick              |     1 |    19 |     7 ||    27
       Whip              |       |    75 |       ||    75
       Peck              |       |     3 |     1 ||     4
       Rapier            |       |     4 |    12 ||    16
 Cast: Shock             |    59 |   190 |    81 ||   330
 Abil: Word of Chaos     |       |     1 |       ||     1
  Use: Scroll            |       |     8 |     2 ||    10
 Stab: Sleeping          |       |     2 |       ||     2
Armor: Robe              |    13 |    12 |     4 ||    29
       Skin              |       |     4 |       ||     4
Dodge: Dodged            |    32 |    84 |    26 ||   142

Table legend: (Time is in decaauts)
 A = Elapsed time spent in this place.
 B = Non-inter-level travel time spent in this place.
 C = Inter-level travel time spent in this place.
 D = Time resting spent in this place.
 E = Time spent auto-exploring this place.
 F = Levels seen in this place.
 G = Mean time per level.
                   A        B        C        D        E       F      G
               +--------+--------+--------+--------+--------+-----+--------+
         Total |   6958 |   6632 |    326 |   1215 |   4041 |   7 |  994.0 |
       Dungeon |   6304 |   5998 |    306 |   1066 |   3819 |   5 | 1260.8 |
        Temple |    171 |    152 |     19 |      0 |    127 |   1 |  171.0 |
       Ossuary |    483 |    483 |      0 |    149 |     93 |   1 |  483.0 |
               +--------+--------+--------+--------+--------+-----+--------+

Top non-repeatable levels by time:
     D:3: 1469 daAuts
     D:1: 1378 daAuts
     D:2: 1299 daAuts
     D:5: 1186 daAuts
     D:4: 971 daAuts
 Ossuary: 483 daAuts
  Temple: 171 daAuts
